 Dungeon Crawl Stone Soup version 0.31.0-32-g396128a36d (webtiles) character file.

Game seed: 5691873290008250857

2748 gohu the Thaumaturge (level 10, -10/73 HPs)
             Began as a Djinni Fire Elementalist on Mar 16, 2024.
             Was a Follower of Makhleb.
             Mangled by a wight
             ... wielding a +4 halberd
              (13 damage)
             ... on level 7 of the Dungeon.
             The game lasted 00:14:08 (6296 turns).

gohu the Thaumaturge (Djinni Fire Elementalist)     Turns: 6296, Time: 00:14:08

Health: -10/73     AC:  8    Str:  7    XL:     10   Next: 0%
Gold:   49         EV: 11    Int: 21    God:    Makhleb [*.....] SH:  5 Dex: 14

rFire   + + .        (no weapon)
rCold   x . .        u - +0 buckler
rNeg    + . .        q - +2 robe {rN+}
rPois   ∞            E - +2 helmet
rElec   .            s - +0 cloak
rCorr   .            (no gloves)
SInv    +            (boots unavailable)
Will    +....        (no amulet)
Stlth   ++           t - ring of see invisible
HPRegen 0.32/turn    (no ring)
MPRegen 0.00/turn

%: infuse magic (-11 HP)
@: flying
A: sickness immunity, fire resistance 2, cold vulnerability 1, float, innate
caster, HP casting, extra vitality 1
a: Renounce Religion


You were on level 7 of the Dungeon.
You worshipped Makhleb.
Makhleb was aware of your devotion.
You visited 2 branches of the dungeon, and saw 8 of its levels.

You collected 397 gold pieces.
You spent 348 gold pieces at shops.

Inventory:

Missiles
 F - a throwing net
Armour
 a - a +0 robe
 f - a scarf of invisibility
 q - a +2 robe of positive energy (worn)
 r - a +1 robe of cold resistance
 s - a +0 cloak (worn)
 u - a +0 buckler (worn)
 E - a +2 helmet (worn)
Magical Staves
 d - a staff of air
Jewellery
 t - a ring of see invisible (left hand)
Wands
 x - a wand of mindburst (5)
 C - a wand of polymorph (5)
Scrolls
 b - 3 scrolls of enchant armour
 i - 2 scrolls of fog {unknown}
 j - 6 scrolls of teleportation
 l - a scroll of blinking
 n - a scroll of fear
 o - 3 scrolls of enchant weapon {unknown}
 p - 2 scrolls of vulnerability {unknown}
 y - a scroll of immolation {unknown}
 A - a scroll of summoning {unknown}
 D - a scroll of amnesia {unknown}
Potions
 e - a potion of brilliance {unknown}
 g - 3 potions of curing {unknown}
 k - 2 potions of attraction {unknown}
 m - 2 potions of haste {unknown}
 v - a potion of ambrosia {unknown}
 w - a potion of lignification {unknown}
 z - a potion of resistance {unknown}
 B - a potion of magic {unknown}


   Skills:
 * Level 6.5 Fighting
 - Level 2.1 Dodging
 - Level 1.5 Stealth
 + Level 4.3 Shields
 + Level 8.6 Spellcasting
 + Level 8.6 Conjurations
 + Level 8.6 Hexes
 + Level 8.6 Summonings
 + Level 8.6 Necromancy
 + Level 8.6 Translocations
 + Level 8.6 Fire Magic
 + Level 8.6 Ice Magic
 + Level 8.6 Air Magic
 + Level 8.6 Earth Magic
 + Level 8.6 Alchemy


You knew the following spells:

 Your Spells              Type           Power      Damage    Failure   Level
a - Foxfire               Conj/Fire      100%       2x1d9     1%          1
b - Searing Ray           Conj           90%        2d7       1%          2
c - Flame Wave            Conj/Fire      45%        2d12      3%          4
d - Summon Ice Beast      Ice/Summ       45%        N/A       1%          3
e - Volatile Blastmotes   Fire/Tloc      90%        2d17      1%          3
f - Summon Small Mammal   Summ           100%       N/A       1%          1
g - Scorch                Fire           90%        2d8       1%          2
h - Inner Flame           Hex/Fire       45%        N/A       1%          3
i - Sticky Flame          Fire/Alch      45%        2d9       3%          4
Your spell library was empty.

Dungeon Overview and Level Annotations

Branches:
Dungeon (7/15)             Temple (1/1) D:5

Altars:
Ashenzari
Cheibriados
Elyvilon
Fedhas
Hepliaklqana
Makhleb
Nemelex Xobeh
Okawaru
Qazlal
Ru
Trog
Uskayaw
Wu Jian
Xom
Yredelemnul
Zin

Shops:
D:4 ([(:   D:6 *


Innate Abilities, Weirdness & Mutations

You are immune to sickness and miasma.
You are immune to poison.
Your flesh is very heat resistant. (rF++)
You are vulnerable to cold. (rC-)
You float through the air rather than walking.
You learn spells naturally, not from books.
Your magical power is your life essence.
You have superior vitality. (+4 MHP)


Message History

Aiming: Searing Ray (safe; 1% risk of failure)
Press: ? - help, Shift-Dir - straight line, f - wight
Aim: a wight, wielding a +4 halberd and wearing a +0 robe (heavily damaged, 82% to hit)
The searing ray misses the wight. (Press . to maintain the ray.)
Casting: Searing Ray (safe; 1% risk of failure)
Confirm with . or Enter, or press ? or * to list all spells.
Restarting spell: Searing Ray (safe; 1% risk of failure)
Press: ? - help, Shift-Dir - straight line, f/p - wight
Aim: a wight, wielding a +4 halberd and wearing a +0 robe (heavily damaged, 82% to hit)
The searing ray misses the wight. (Press . to maintain the ray.)
The wight hits you from afar with a +4 halberd.
Casting: Searing Ray (safe; 1% risk of failure)
Confirm with . or Enter, or press ? or * to list all spells.
Restarting spell: Searing Ray (safe; 1% risk of failure)
Press: ? - help, Shift-Dir - straight line, f/p - wight
Aim: a wight, wielding a +4 halberd and wearing a +0 robe (heavily damaged, 82% to hit)
The searing ray hits the wight.
The wight is heavily damaged. (Press . to maintain the ray.)
* * * LOW HITPOINT WARNING * * *
You hear the faint creaking of a distant portcullis.
The wight closely misses you.
Casting: Searing Ray (safe; 1% risk of failure)
Confirm with . or Enter, or press ? or * to list all spells.
Restarting spell: Searing Ray (safe; 1% risk of failure)
Press: ? - help, Shift-Dir - straight line, f/p - wight
Aim: a wight, wielding a +4 halberd and wearing a +0 robe (heavily damaged, 82% to hit)
The searing ray misses the wight. (Press . to maintain the ray.)
* * * LOW HITPOINT WARNING * * *
The wight hits you from afar with a +4 halberd!
* * * LOW HITPOINT WARNING * * *
The wight hits you but does no damage.
Things that are here:
a +1 flail; a +0 robe The wight attacks as it pursues you!
The wight hits you from afar with a +4 halberd!
You die...

***#,*#...,,,>,,,,,*,,,,
#.##.#*****,,,..#..##
#....#######*####..##
####........*####....
#.######.*#####.## #)#
*,,,,.####.## #z#
*,,,,.####... #.#
*,,,,.####### #@#
*,,,,.####### ####)#
*,,,,.#####.< #..).#
*****######.# #.####
####.... #.# ####.#.#
#.# ####.#.# #.# #######
####)#.. #.# #.....#
####.###
#.###§###.#######)###


You could see a wight.

Vanquished Creatures
  Pikel (D:5)
  Grinder (D:3)
  A water moccasin (D:5)
  A sky beast (D:4)
  2 ice beasts (D:5)
  2 black bears (D:5)
  An ogre (D:4)
  2 lemures (D:5)
  A phantom (D:5)
  2 scorpions (D:6)
  3 wights (D:7)
  4 killer bees (D:6)
  A bombardier beetle (D:5)
  2 howler monkeys
  7 hounds
  4 jellies
  A gnoll bouda (D:6)
  Terence (D:2)
  5 orc priests
  4 orc wizards
  11 gnolls
  3 adders
  2 ribbon worms
  3 dart slugs
  10 orcs
  4 bats
  7 endoplasms
  4 giant cockroaches
  6 goblins
  4 hobgoblins
  7 kobolds
  2 quokkas
  6 ball pythons
  5 frilled lizards (D:1)
  7 rats
127 creatures vanquished.

Vanquished Creatures (others)
  250 foxfires
250 creatures vanquished.

Grand Total: 377 creatures vanquished

Notes
Turn   | Place    | Note
-------+----------+-------------------------------------------
     0 | D:1      | gohu the Djinni Fire Elementalist began the quest for the
                  | Orb.
     0 | D:1      | gohu set off with the following spells memorised: Foxfire,
                  | Scorch, Volatile Blastmotes, Inner Flame, Flame Wave.
     0 | D:1      | Reached XP level 1. HP: 15/15 MP: 0/0
   219 | D:1      | Reached XP level 2. HP: 21/21 MP: 0/0
   473 | D:1      | Reached XP level 3. HP: 23/25 MP: 0/0
   473 | D:1      | Learned a level 1 spell: Summon Small Mammal
   689 | D:2      | Noticed Terence
   696 | D:2      | Killed Terence
   697 | D:2      | Reached XP level 4. HP: 26/31 MP: 0/0
   873 | D:2      | Reached XP level 5. HP: 34/35 MP: 0/0
   873 | D:2      | Learned a level 2 spell: Searing Ray
  1647 | D:3      | Found a broken altar of Ashenzari.
  1906 | D:3      | Noticed Grinder
  1927 | D:3      | Killed Grinder
  1928 | D:3      | Reached skill level 5 in Spellcasting
  1928 | D:3      | Reached skill level 5 in Conjurations
  1928 | D:3      | Reached skill level 5 in Hexes
  1928 | D:3      | Reached skill level 5 in Summonings
  1928 | D:3      | Reached skill level 5 in Necromancy
  1928 | D:3      | Reached skill level 5 in Translocations
  1928 | D:3      | Reached skill level 5 in Fire Magic
  1928 | D:3      | Reached skill level 5 in Ice Magic
  1928 | D:3      | Reached skill level 5 in Air Magic
  1928 | D:3      | Reached skill level 5 in Earth Magic
  1928 | D:3      | Reached skill level 5 in Alchemy
  1928 | D:3      | Reached XP level 6. HP: 15/40 MP: 0/0
  2462 | D:4      | Found Xoalazel's Antique Armour Shoppe.
  2465 | D:4      | Bought an embroidered robe for 74 gold pieces
  2486 | D:4      | Found Koll's Weapon Shoppe.
  2523 | D:3      | Reached XP level 7. HP: 31/45 MP: 0/0
  2523 | D:3      | Learned a level 3 spell: Summon Ice Beast
  3049 | D:4      | Found Ymotagid's Book Boutique.
  3274 | D:4      | Found Bemappaq's Weapon Shop.
  3409 | D:4      | Found a hide-covered altar of Uskayaw.
  3719 | D:5      | Entered Level 5 of the Dungeon
  3725 | D:5      | Noticed a water moccasin
  3740 | D:5      | Killed a water moccasin
  3741 | D:5      | Reached XP level 8. HP: 37/50 MP: 0/0
  3790 | D:5      | Found a sacrificial altar of Ru.
  4076 | D:5      | Reached skill level 1 in Fighting
  4178 | D:5      | Reached skill level 1 in Shields
  4439 | D:5      | Reached XP level 9. HP: 57/61 MP: 0/0
  4439 | D:5      | Learned a level 4 spell: Sticky Flame
  4497 | D:5      | Found a staircase to the Ecumenical Temple.
  4567 | Temple   | Entered the Ecumenical Temple
  4581 | Temple   | Became a worshipper of Makhleb the Destroyer
  4721 | D:5      | Found a hazy altar of Hepliaklqana.
  4766 | D:5      | Noticed Pikel
  4793 | D:5      | Killed Pikel
  4794 | D:5      | Reached skill level 5 in Fighting
  5046 | D:6      | Found a glowing silver altar of Zin.
  5714 | D:6      | Reached * piety under Makhleb
  5793 | D:6      | Found Sagoaluo's Assorted Antiques.
  5797 | D:6      | Bought a scroll labelled KIYRHETUIN for 33 gold pieces
  5797 | D:6      | Bought a sedimented brown potion for 29 gold pieces
  5797 | D:6      | Bought a golden potion for 29 gold pieces
  5797 | D:6      | Bought a scroll labelled YHEXIHO NEFAI for 33 gold pieces
  5933 | D:6      | Found an iron altar of Okawaru.
  6017 | D:4      | Bought a shiny helmet for 150 gold pieces
  6242 | D:7      | Reached XP level 10. HP: 23/73 MP: 0/0
  6291 | D:7      | HP: 2/73 [wight/+4 halberd (17)]
  6296 | D:7      | Mangled by a wight

Illustrated notes

Levels and vault maps discovered:
D:1:      dpeg_arrival_snail, layout_basic
D:2:      layout_basic, minmay_puff, uniq_terence
D:3:      layout_loops_ring, cheibrodos_ashenzari_chains, uniq_grinder
D:4:      layout_basic, nicolae_uskayaw_dance_hall, serial_shops,
          nicolae_shop_stone, nicolae_stop_n_shop_2, nicolae_shop_crystal,
          nicolae_shop_back_alley_shop
D:5:      layout_rooms, nicolae_hepliaklqana_hippocampus,
          nicolae_ru_awakened_eye, minmay_temple_entry_tees, uniq_pikel
D:6:      layout_basic, okawaru_gym_becter, zin_academy, serial_shops,
          nicolae_shop_back_alley_shop
D:7:      layout_loops_cross, lemuel_coloured_pillars_altar, enter_bailey_6,
          nrook_loot_triangle, hex_tiny, uniq_menkaure
Temple:   nicolae_temple_bog_church

Skill      XL: |  1  2  3  4  5  6  7  8  9 |
---------------+----------------------------+-----
Spellcasting   | 4 5 6 7 8 |  8.6
Conjurations   | 4 5 6 7 8 |  8.6
Hexes          | 4 5 6 7 8 |  8.6
Summonings     | 4 5 6 7 8 |  8.6
Necromancy     | 4 5 6 7 8 |  8.6
Translocations | 4 5 6 7 8 |  8.6
Fire Magic     | 4 5 6 7 8 |  8.6
Ice Magic      | 4 5 6 7 8 |  8.6
Air Magic      | 4 5 6 7 8 |  8.6
Earth Magic    | 4 5 6 7 8 |  8.6
Alchemy        | 4 5 6 7 8 |  8.6
Fighting       | 3 6 |  6.5
Shields        | 2 4 |  4.3
Dodging        | |  2.1
Stealth        | |  1.5

Action                     |  1- 3 |  4- 6 |  7- 9 | 10-12 || total
---------------------------+-------+-------+-------+-------++-------
   Cast: Foxfire           |    36 |    58 |    55 |     3 ||   152
         Scorch            |     4 |       |       |       ||     4
         Searing Ray       |       |    27 |    82 |     4 ||   113
         Volatile Blastmot |       |     3 |    44 |     2 ||    49
         Flame Wave        |       |       |     2 |       ||     2
    Use: Scroll            |       |       |     6 |       ||     6
 Armour: Robe              |     1 |    11 |    36 |     4 ||    52
  Dodge: Dodged            |     4 |    12 |    15 |     1 ||    32
  Block: Buckler           |       |       |     6 |       ||     6
